Cogmind - Beta 16.1 @@@ ROGUE MODE // 2026.02.28 @ 19:44:40 Player: UniqueName Result: Destroyed by G-47 Trooper with Particle Gun Performance ------------- Evolutions (0) 0 Regions Visited (1) 200 Robots Destroyed (26) 130 Value Destroyed (565) 565 Prototype IDs (2) 40 Alien Tech Used (0) 0 Bonus (0) 0 TOTAL SCORE: 935 Bonus ------- None Cogmind --------- Core Integrity 0/250 Matter 300/300 Energy 265/265 System Corruption 2% Temperature Hot (251) Movement Treading (160) Location -10/Materials Parts ------- > --- POWER (1) -------- Reinforced Ion Engine > --- PROPULSION (2) --- Improved Treads Improved Treads > --- UTILITY (2) ------ Medium Storage Unit Signal Interpreter > --- WEAPON (2) ------- Small Laser > --- INVENTORY (10) --- Ion Engine Ion Engine Aluminum Leg Aluminum Leg Aluminum Leg Large Storage Unit Weight Redist. System Light Armor Plating Grenade Launcher Hammer Peak State ------------ > --- POWER ------------ Reinforced Ion Engine > --- PROPULSION ------- Improved Treads Improved Treads > --- UTILITY ---------- Medium Storage Unit Signal Interpreter > --- WEAPON ----------- Medium Laser Small Laser > --- INVENTORY -------- Ion Engine Ion Engine Ion Engine Aluminum Leg Aluminum Leg Large Storage Unit Weight Redist. System Light Armor Plating Grenade Launcher Hammer [Rating: 11] Favorites ----------- Power Ion Engine Engine Ion Engine Propulsion Aluminum Leg Treads Light Treads Leg Aluminum Leg Utility Medium Storage Unit Storage Medium Storage Unit Processor Improved Targeting Computer Weapon Medium Laser Energy Gun Medium Laser Ballistic Gun Light Assault Rifle Impact Weapon Hammer Build | -11 -10 ------- Run | Yrd Mat Slots Evolved . | . . Power . | . . Propulsion . | . . Utility . | . . Weapon . | . . Parts Attached 18 | 5 13 Power 2 | . 2 Engine 2 | . 2 Core . | . . Reactor . | . . Propulsion 6 | 2 4 Treads 4 | 2 2 Leg 2 | . 2 Wheel . | . . Hover . | . . Flight . | . . Utility 4 | 1 3 Device . | . . Storage 2 | 1 1 Processor 2 | . 2 Hackware . | . . Protection . | . . Artifact . | . . Weapon 6 | 2 4 Energy Gun 3 | 1 2 Energy Cannon . | . . Ballistic Gun 2 | 1 1 Ballistic Cannon . | . . Launcher . | . . Special Weapon . | . . Impact Weapon 1 | . 1 Slashing Weapon . | . . Piercing Weapon . | . . Special Melee Weapon . | . . Unidentified Prototypes . | . . Parts Lost 4 | . 4 Power . | . . Propulsion 1 | . 1 Utility . | . . Weapon 3 | . 3 Highest Loss Streak 1 | . 1 To Critical Strikes . | . . Average Backups 8 | 3 9 Power 2 | 1 2 Propulsion 2 | 1 2 Utility 2 | . 2 Weapon 2 | . 2 Tool/Special . | . . Unused Backups 10 | . 10 Power 2 | . 2 Propulsion 4 | . 4 Utility 3 | . 3 Weapon 1 | . 1 Tool/Special . | . . Average Slot Usage (%) 95 | . 95 Engine 11 | . 11 Treads 16 | . 16 Leg 10 | . 10 Storage 14 | . 14 Processor 13 | . 13 Energy Gun 16 | . 16 Ballistic Gun 8 | . 8 Impact Weapon 2 | . 2 Peak Build Rating 11 | 5 11 Average Rating 8 | 4 9 On Entrance 2 | . 5 Avg Prop Armor Cover (%) . | . . Naked Turns . | . . Heaviest Build 24 | 8 24 Greatest Support 46 | 40 46 Greatest Overweight (x) 1 | . 1 Average Overweight (x) . | . . Largest Inventory Capacity 10 | 8 10 Average Capacity 9 | 7 9 Most Carried 10 | 5 10 Average Carried 8 | 3 9 Final Capacity 10 | 8 10 Final Carried 10 | 5 10 Class Distribution -------------------- 63% | Mutant 36% | Scavenger-Mutant Dominant Class ---------------- Mutant | -10/Materials Resources | -11 -10 ----------- Run | Yrd Mat Matter Collected 509 | 211 298 Remotely . | . . Salvage Created 859 | . 859 Parts 46 | . 46 Haulers Intercepted 1 | . 1 Recyclers Shooed . | . . Parts Field Recycled . | . . Retrieved Matter . | . . Parts Self-Destructed . | . . Prevented . | . . Parts Restored . | . . Kills | -11 -10 ------- Run | Yrd Mat Combat Hostiles Destroyed 20 | . 20 Guns 20 | . 20 Classes Destroyed 7 | . 7 Worker 1 | . 1 Hauler 1 | . 1 Recycler 1 | . 1 Mechanic 1 | . 1 Watcher 2 | . 2 Swarmer 8 | . 8 Grunt 12 | . 12 Best Kill Streak 7 | . 7 Combat Bots Only 5 | . 5 Max Kills in Single Turn 2 | . 2 Gunslinging . | . . Exploded . | . . Melee . | . . Uniques/NPCs Destroyed . | . . Combat | -11 -10 -------- Run | Yrd Mat Hostile Shots Fired 138 | . 138 Missed 29 | . 29 Hits 109 | . 109 Projectile 109 | . 109 Critical Strikes 3 | . 3 Damage Taken 1242 | . 1242 Core 257 | . 257 Absorbed by Shields . | . . Regen/Repaired (Parts) 60 | . 60 Core Remaining (%) 100 | 100 . Volleys Fired 87 | . 87 Largest 2 | . 2 Hottest 90 | . 90 Shots Fired 159 | . 159 Gun 159 | . 159 Cannon . | . . Launcher . | . . Special . | . . Kinetic 46 | . 46 Thermal 113 | . 113 Explosive . | . . Electromagnetic . | . . Robot Hit Streak 12 | . 12 Robot Miss Streak 5 | . 5 Penetration Max . | . . Secondary Targets 3 | . 3 Max Gunslinging Chain 1 | . 1 Shots Hit Robots 112 | . 112 Core Hits 46 | . 46 Critical Kills . | . . Critical Parts Destroyed 1 | . 1 Critical Strikes 7 | . 7 Burn 6 | . 6 Destroy 1 | . 1 Melee Attacks 15 | . 15 Impact 15 | . 15 Slashing . | . . Piercing . | . . Sneak Attacks . | . . Combat Hostiles . | . . Follow-up Attacks . | . . Damage Inflicted 1251 | . 1251 Guns 1251 | . 1251 Cannons . | . . Explosions . | . . Melee . | . . Ramming . | . . Kinetic 282 | . 282 Thermal 969 | . 969 Explosive . | . . Electromagnetic . | . . Impact . | . . Slashing . | . . Piercing . | . . Highest Corruption 2 | . 2 Average Corruption 1 | . 1 Corruption Purged . | . . Corruption Blocked . | . . Effects 2 | . 2 Message Errors 1 | . 1 Data Loss (major) 1 | . 1 Overload Shots . | . . Overflow Damage . | . . Projectiles . | . . Explosions . | . . Melee . | . . Knockbacks . | . . Impact . | . . Kinetic . | . . Secondary . | . . Self-Inflicted Damage . | . . Shots . | . . Rammed . | . . Targets Rammed . | . . Kicked . | . . Crushed . | . . Highest Temperature 486 | . 486 Average Temperature 122 | . 122 Received Heat Transfer 588 | . 588 Effects 2 | . 2 Shutdowns 1 | . 1 Damage (minor) 1 | . 1 Siege Activations . | . . Martial Activations . | . . Shielding Activations . | . . Robots Disrupted . | . . Combat Hostiles . | . . Robots Corrupted . | . . Combat Hostiles . | . . Parts Fried . | . . Impact Corruptions . | . . Robots Melted . | . . Combat Hostiles . | . . Parts Melted 5 | . 5 Heat Transferred 3058 | . 3058 Parts Sabotaged . | . . Parts Stolen . | . . Parts Stripped . | . . Power Chain Reactions . | . . Alert | -11 -10 ------- Run | Yrd Mat Maximum Alert Level . | . . Low Security (%) 100 | 100 100 Level 1 . | . . Level 2 . | . . Level 3 . | . . Level 4 . | . . Level 5 . | . . High Security . | . . Max Security . | . . Peak Influence 159 | . 159 Initial . | . . Average 59 | . 63 Influence Increases 553 | . 553 Destroy 0b10 Robot/C 400 | . 400 Destroy 0b10 Robot/NC 30 | . 30 Destroy Leader 76 | . 76 Successful Hack 9 | . 9 Disable Machine 15 | . 15 Destroy Structure 8 | . 8 Lose Combat Pursuer 15 | . 15 Influence Decreases 460 | . 460 Time Decay 393 | . 393 Lost Part 30 | . 30 Purge Threat 37 | . 37 Squads Dispatched 5 | . 5 Investigation 4 | . 4 Extermination . | . . Reinforcement 1 | . 1 Assault . | . . Garrison . | . . Intercept . | . . Searches Triggered . | . . Construction Impeded . | . . Haulers Reinforced . | . . Active Scanning Responses . | . . Cargo Convoy Interrupts . | . . Stealth | -11 -10 --------- Run | Yrd Mat Distress Signals 5 | . 5 Communications Jammed . | . . Distress Signals . | . . Times Spotted 31 | . 31 Peak Tracking Total 5 | . 5 Tactical Retreats 1 | . 1 Traps | -11 -10 ------- Run | Yrd Mat Traps Triggered 6 | . 6 Indirectly . | . . Trap Hack Attempts . | . . Triggered . | . . Disarmed . | . . Reprogrammed . | . . Reused . | . . Traps Extracted . | . . Installed . | . . Triggered . | . . Machines | -11 -10 ---------- Run | Yrd Mat Machines Disabled 1 | . 1 Max in Single Turn 1 | . 1 Machines Repaired . | . . Machines Dismantled . | . . Machines Sabotaged . | . . Overloaded Fab Kills . | . . Hacking | -11 -10 --------- Run | Yrd Mat Machines Accessed 7 | . 7 Terminals 6 | . 6 Fabricators . | . . Repair Stations 1 | . 1 Recycling Units . | . . Scanalyzers . | . . Garrison Access . | . . Total Hacks 16 | . 16 Successful 7 | . 7 Failed 9 | . 9 Catastrophic 3 | . 3 Database Lockouts . | . . Manual . | . . Terminals 14 | . 14 Fabricators . | . . Repair Stations 2 | . 2 Recycling Units . | . . Scanalyzers . | . . Garrison Access . | . . Terminal Hacks 5 | . 5 Prototype ID Bank 1 | . 1 Emergency Access Points 1 | . 1 Unreport Threat 2 | . 2 Dispatch Records 1 | . 1 Fabricator Hacks . | . . Repair Station Hacks 2 | . 2 Scan Component 1 | . 1 Repair 1 | . 1 Recycling Unit Hacks . | . . Scanalyzer . | . . Garrison Access Hacks . | . . Unauthorized Hacks . | . . Terminals . | . . Fabricators . | . . Repair Stations . | . . Recycling Units . | . . Scanalyzers . | . . Garrison Access . | . . Data Cores Recovered . | . . Used . | . . Hacking Detections 4 | . 4 Full Trace Events 2 | . 2 Feedback Events . | . . Feedback Blocked . | . . Robot Schematics Acquired . | . . Robots Built . | . . Authchips . | . . Time . | . . Total Robot Build Rating . | . . Part Schematics Acquired . | . . Parts Built . | . . Authchips . | . . Time . | . . Total Part Build Rating . | . . Part Studies Acquired . | . . Parts Repaired 1 | . 1 Time 26 | . 26 Parts Recycled . | . . Recycled Matter . | . . Retrieved Matter . | . . Retrieved Components . | . . Parts Scanalyzed . | . . Part Schematics Acquired . | . . Parts Damaged . | . . Bothacking | -11 -10 ------------ Run | Yrd Mat Used RIF Installer . | . . Robots Hacked . | . . Non-combat . | . . Combat . | . . Robot Hacks Applied . | . . Relay Couplers Released . | . . Fabnet Peak Effective % . | . . Robots Rewired . | . . Allies Hacked . | . . Hacks Repelled . | . . Allies | -11 -10 -------- Run | Yrd Mat Total Allies . | . . Largest Group . | . . Highest-Rated Group . | . . Highest-Rated Ally . | . . Total Orders . | . . Ally Attacks . | . . Total Damage . | . . Kills . | . . Allies Corrupted . | . . Allies Melted . | . . Intel | -11 -10 ------- Run | Yrd Mat Active Infowar (turns) . | . . Robot Analysis Total . | . . Derelict Logs Recovered . | . . Drone Launches . | . . Drone Recoveries . | . . Exploration | -11 -10 ------------- Run | Yrd Mat Turns Passed 1401 | 88 1313 Spaces Moved 702 | 52 650 Core 6 | 6 . Treads 389 | 46 343 Legs 307 | . 307 Wheels . | . . Hover . | . . Flight . | . . Fastest Speed 50 | 50 120 Average Speed 142 | 147 141 Slowest Speed 190 | 160 190 Overloaded Moves . | . . Propulsion Burnouts . | . . Robots Hopped . | . . Potential Cave-ins . | . . Cave-ins Triggered . | . . Exploration Rate (%) 48 | 5 92 Regions Visited 1 Branch Regions . Pre-discovered Areas . | . . Known Exits Taken . | . . Unknown Exits Taken 1 | 1 . Scrap Searched . | . . Spaces Dug 8 | . 8 Terrain Destroyed 8 | . 8 Melee 8 | . 8 Projectile . | . . AOE . | . . Terrain Rammed . | . . Walls Destroyed . | . . Machines Disabled . | . . Actions | -11 -10 --------- Run | Yrd Mat Total 921 | 61 860 Wait 70 | . 70 Move 701 | 51 650 Hop . | . . Pick Up 13 | 5 8 Fast Attach 16 | 5 11 Attach 2 | . 2 Detach . | . . Swap 9 | . 9 Drop 8 | . 8 Fire 87 | . 87 Melee 15 | . 15 Ram . | . . Kick . | . . Crush . | . . Escape Stasis . | . . Rewire . | . . Trap . | . . Miscellaneous . | . . Route ------- -11/Scrapyard -10/Materials (discovered 3 exits: *Mat x3) History --------- Turn | Location | Event 2 | -11/Scrapyard | Met Revision 17 54 | -11/Scrapyard | Discovered new exit (range 15) 89 | -11/Scrapyard | Entered Materials 307 | -10/Materials | Build established: Mutant 483 | -10/Materials | Discovered new exit (range 16) 537 | -10/Materials | Repaired Med. Laser 741 | -10/Materials | Build established: Scavenger-Mutant 747 | -10/Materials | Discovered new exit (range 10) 810 | -10/Materials | Core integrity fell below 50% 929 | -10/Materials | Core integrity fell below 20% 1214 | -10/Materials | Discovered new exit (range 15) 1252 | -10/Materials | Build established: Mutant 1304 | -10/Materials | Identified exit to Materials 1402 | -10/Materials | Destroyed by G-47 Trooper with Particle Gun Last Messages --------------- 01302_ The floor emits a surge of raw power. 01302_ System corrupted (+1). 01302_ T-07 Excavator is excavating. 01304_ LVNF|9MIZWKQUM383 01334_ Connecting with Terminal... >>Enumerate(Squads) Retrieving dispatch records... Found 2 active squads: 1x Surveillance 1x Investigation 01372_ System corrupted: Substantial component data lost. 01373_ G-47 Trooper overheating. 01373_ Melted Aluminum Leg. 01374_ G-47 Trooper overheating. 01382_ Sml. Laser destroyed. 01385_ Overheating: Sml. Laser damaged (-20). 01385_ G-34 Mercenary destroyed. Map ----- +----------------------------------------------------+ | ? ""??# # """ ## | #*! #?? | | ? ""??# # """ ###/#######%* #?? | | ? ""??# # """ #?# #?????#= #?? | | ? ??# # #?# #?????# #?? | | ?#/#??# # #?# #?????# #?? | | ?# #??##### #?# #?????# #?? | | ?# #??????# ""#?# #?????########?? | | ?# #??????# T"#?# #??????????????? | | ?# #??????# ""#?# ###########????? | | ?# #??????# #?# ## #????? | | ?# #??????########### ## ""#????? | | ## #??#######????# + * T"#????? | | ## /????# #%= ""#????? | | # """ #???# *# #????? | | + """ #???#+## %+= """ #????? | | # """ ! #??????# ##! """ #????? | | # !???????# ## """ #????? | | ##########??????# ## = #????? | | ## ??# ????# ######+####????? | | ## """""?# ??# #### % #?????? | | / ## """""?# # #?????? | | / # """""?# + #?????? | | # """"" # # #?????? | | + """"" # ??###### #?????? | | # """"" # ????####### ##?????? | | # """"" #??????# @#= #??????? | | ###### #??????# !=g% #??????? | | # [ #??????# !# #??????? | | """ # ! #??????# " # #??????? | | """ #########??????# T # ^#??????? | | """ #??????????????# " #^ # #???? | | #??????????????# # #???? | | #??????????????####### < # ##???? | | ######????????????????????# ###????? | | ??????????????????????????#####??????? | | ?????????????????????????????????????? | | ?????????????????????????????????????? | | ?????????????????????????????????????? | | ?????????????????????????????????????? | | ?????????????????????????????????????? | | | | | | | | | | | | | | | | | | | | | +----------------------------------------------------+ Best States ------------- Heat Dissipation 25 Energy Generation 12 Energy Capacity 265 Matter Stores 300 Matter Capacity 300 Sight Range 16 Terrain Scan Density 10 Evasion (%) 55 Targeting Accuracy 6 Recoil Reduction 2 Item Schematics ----------------- None Robot Schematics ------------------ None Fabricated ------------ Nothing Repaired ---------- Med. Laser | 14% | -10/Materials Studied --------- None Alien Tech Used ----------------- None Achievements -------------- None Challenges ------------ None Game ------ Seed FactoryFieldShredder Manual? 0 Play Time 00:10:42 Cumulative 27.3 hours Start 2026.02.28 @ 19:34:51 End 2026.02.28 @ 19:44:40 Sessions 1 Manual Loads 0 Difficulty Rogue Special Mode None Game No. 29 Rogue 29 Adventurer 0 Explorer 0 Win Type - Total 0 Types 0/0/0/0/0/0/0/0/0/0 Lore% 22 Gallery% 27 Achievement% 25 Wizard Run 0 Options --------- Layout 0 ASCII 0 Keyboard 0 Movement Arrows Keybinds 0 Fullscreen 1 Font 18/SmallcapsGlow Map View 76x50 Zoom Use 0% Tactical HUD 1 Map Filters NONE Filters NONE Steam 1 RUN: 9b1e20e3-dd36-4075-84d0-a765d640623c